Map: Dreamcatcher LE

Players

ReiZulu

  • Race: Protoss Protoss
  • League: Gold
  • Spawn Location: 11:00

ILIEKEGGPIE - Winner!

  • Race: Zerg Zerg
  • League: Platinum
  • Spawn Location: 5:00

VOD

Have the link to the VOD?

Description

Time

  • Played on: June 6, 2018, 4:44 p.m.
  • Length: 22:05
Show
View Real Time Build Order
Export as new Build Order

ReiZulu Protoss 

Build Orders:  

Get SALT Encoding   

  12  0:09  Probe  
  13  0:21  Probe  
  14  0:23  Pylon  
  14  0:44  Probe  
  15  0:56  Probe  
  16  0:58  Forge  
  16  1:08  Assimilator, Probe  
  17  1:20  Probe  
  18  1:28  Pylon  
  18  1:30  Probe  
  19  1:38  Probe  
  19  1:46  Probe  
  21  1:58  Assimilator  
  21  1:59  Probe  
  21  2:08  Gateway  
  21  2:11  Probe  
  22  2:16  Photon Cannon  
  22  2:23  Probe  
  23  2:46  Photon Cannon  
  23  2:58  Pylon  
  23  3:14  Probe  
  24  3:20  Pylon  
  24  3:22  Probe  
  25  3:29  Cybernetics Core  
  25  3:31  Probe  
  26  3:43  Probe  
  26  3:47  Nexus  
  27  3:54  Assimilator  
  27  3:55  Probe  
  28  3:56  Assimilator  
  28  4:07  Probe  
  28  4:08  Stalker  
  31  4:52  Stargate  
  31  4:56  Stargate  
  31  5:03  Probe  
  31  5:05  Photon Cannon  
  31  5:06  Probe  
  33  5:14  Probe  
  33  5:15  Probe  
  35  5:24  Probe  
  36  5:32  Oracle  
  36  5:33  Oracle  
  36  5:35  Probe  
  36  5:36  Probe  
  41  5:48  Probe x2  
  46  5:55  Fleet Beacon  
  46  6:12  Probe  
  46  6:15  Phoenix x2  
  46  6:17  Probe  
  52  6:24  Probe  
  53  6:29  Probe  
  54  6:42  Probe  
  52  7:04  Pylon  
  52  7:21  Tempest, Pylon  
  58  7:26  Warp Gate  
  58  7:33  Pylon  
  57  7:40  Stalker  
  57  7:41  Tempest  
  59  7:45  Photon Cannon  
  59  7:49  Shield Battery  
  65  8:33  Pylon  
  65  8:49  Tempest  
  65  8:51  Tempest  
  70  9:25  Twilight Council  
  70  9:28  Gateway  
  70  9:30  Gateway  
  70  9:39  Tempest  
  76  10:05  Assimilator  
  76  10:09  Assimilator  
  76  10:12  Pylon  
  76  10:18  Tempest  
  70  10:34  Photon Cannon  
  70  10:37  Photon Cannon  
  70  10:39  Nexus  
  70  10:41  Photon Cannon  
  70  10:47  Carrier  
  76  10:54  Dark Shrine  
  76  10:55  Gateway  
  76  10:58  Gateway  
  76  11:01  Carrier  
  82  11:54  Probe  
  82  11:59  Shield Battery  
  82  12:00  Probe  
  84  12:05  Photon Cannon  
  84  12:06  Probe  
  85  12:11  Pylon  
  85  12:12  Probe  
  84  12:18  Probe  
  85  12:24  Probe  
  86  12:30  Probe  
  82  13:00  Dark Templar  
  82  13:01  Dark Templar x4  
  92  13:12  Phoenix x2  
  96  13:15  Anion Pulse-Crystals  
  96  13:32  Probe  
  97  13:44  Probe  
  98  13:56  Probe  
  99  14:08  Probe  
  94  14:20  Probe  
  93  14:48  Phoenix x2  
  97  14:55  Mothership  
  105  15:13  Phoenix x2  
  109  15:49  Pylon  
  109  15:50  Pylon  
  109  15:52  Pylon  
  109  15:53  Phoenix  
  80  16:39  Dark Templar x4  
  71  16:48  Nexus  
  71  16:53  Assimilator  
  71  16:54  Assimilator  
  51  17:41  Pylon  
  51  17:44  Pylon  
  11  18:47  Void Ray  
  15  18:58  Nexus  
  9  19:17  Pylon  
  9  19:18  Pylon  
  9  19:20  Pylon  
  9  19:27  Cybernetics Core  
  9  19:30  Void Ray  
  13  19:50  Pylon  
  3  21:10  Pylon  
Show
View Real Time Build Order
Export as new Build Order

ILIEKEGGPIE Zerg - Winner!

Build Orders: Hatch First 

Get SALT Encoding   

  12  0:01  Drone  
  13  0:12  Overlord  
  13  0:20  Drone  
  14  0:32  Drone x2  
  16  0:36  Drone  
  17  0:54  Hatchery  
  16  1:01  Drone x2  
  18  1:16  Spawning Pool  
  17  1:20  Drone  
  17  1:24  Extractor  
  17  1:27  Drone  
  18  1:40  Drone  
  18  1:46  Drone  
  20  2:08  Queen x2  
  20  2:10  Overlord  
  24  2:24  Drone x3  
  27  2:31  Metabolic Boost  
  27  2:39  Drone  
  27  2:43  Zergling x2  
  27  2:44  Zergling x4  
  31  2:49  Queen  
  33  3:00  Drone  
  34  3:06  Drone  
  34  3:07  Drone  
  34  3:08  Overlord x2  
  36  3:32  Drone  
  36  3:42  Queen x2  
  36  3:48  Drone  
  41  3:52  Hatchery, Extractor  
  41  3:53  Drone x2, Roach Warren  
  39  4:37  Drone  
  39  4:45  Lair  
  39  4:47  Burrow  
  39  4:49  Drone x3, Extractor  
  39  4:50  Drone x2, Extractor  
  42  5:06  Drone  
  44  5:14  Drone, Queen  
  46  5:26  Drone x6  
  52  5:32  Drone x2  
  52  5:34  Drone x3  
  52  5:35  Drone  
  58  5:36  Overlord x3  
  58  5:52  Overlord, Glial Reconstitution  
  58  5:54  Queen x2  
  62  5:58  Pneumatized Carapace  
  62  6:07  Drone x2  
  62  6:08  Drone x3  
  62  6:10  Roach  
  77  6:11  Roach x5  
  79  6:26  Overseer  
  77  6:37  Spore Crawler  
  69  6:47  Extractor  
  69  6:53  Spore Crawler  
  67  6:57  Hydralisk Den  
  67  6:58  Evolution Chamber, Drone  
  67  6:59  Drone  
  67  7:00  Drone x3  
  67  7:01  Evolution Chamber, Drone x2  
  71  7:24  Drone x3  
  71  7:29  Zerg Ground Armor Level 1, Zerg Missile Weapons Level 1  
  74  7:30  Grooved Spines  
  75  7:37  Zergling x12  
  75  7:38  Zergling x4  
  82  7:47  Overlord  
  82  7:48  Overlord x3  
  82  8:27  Drone x3, Spire  
  82  8:28  Drone  
  82  8:29  Spire  
  82  8:31  Drone x4  
  88  8:34  Extractor  
  75  8:49  Queen  
  73  9:04  Roach, Hydralisk x3  
  73  9:05  Roach x2, Hydralisk x6  
  73  9:06  Hydralisk x4  
  105  9:14  Overlord  
  105  9:21  Spore Crawler  
  105  9:23  Spore Crawler  
  103  9:29  Drone  
  104  9:51  Zerg Flyer Armor Level 1, Zerg Flyer Weapons Level 1  
  104  9:52  Zerg Missile Weapons Level 2  
  104  9:53  Zerg Ground Armor Level 2  
  104  9:58  Muscular Augments  
  104  10:09  Hatchery  
  103  10:18  Hydralisk x6  
  103  10:19  Hydralisk x2  
  103  10:21  Overlord x2  
  113  10:27  Overlord  
  113  10:28  Overlord x4  
  111  10:55  Hydralisk  
  111  10:56  Hydralisk x11  
  135  11:06  Queen x3  
  141  11:22  Zergling x14  
  148  11:32  Hydralisk x6  
  148  11:35  Drone  
  148  11:36  Drone x2  
  161  11:42  Queen  
  161  11:46  Overlord  
  161  11:47  Overlord x2  
  160  12:20  Corruptor  
  160  12:21  Corruptor x6  
  170  12:42  Overlord  
  168  13:08  Corruptor x3  
  168  13:09  Corruptor x7  
  188  13:25  Queen  
  190  13:36  Zerg Flyer Weapons Level 2  
  190  13:37  Zerg Flyer Armor Level 2  
  188  13:47  Overseer  
  182  14:07  Spore Crawler  
  182  14:08  Spore Crawler  
  182  14:09  Spore Crawler  
  177  14:10  Overseer x2  
  167  14:45  Spore Crawler  
  166  14:47  Spore Crawler  
  166  14:49  Spine Crawler x2  
  166  14:51  Spine Crawler  
  162  15:20  Queen  
  162  16:07  Overlord x2  
  162  16:08  Overlord  
  160  16:12  Corruptor x5  
  160  16:13  Corruptor x10  
  185  17:07  Zergling x4  
  185  17:08  Zergling x24  
  150  19:03  Drone  
  150  19:06  Drone  
  150  19:26  Drone  
  150  19:27  Drone  
  152  19:46  Drone  
  153  20:12  Zergling x12  
  159  20:25  Spore Crawler  
  158  20:53  Drone x4  
  158  20:54  Drone x2  
  164  20:57  Roach  
  164  21:24  Hatchery  
Tags
 
Matchup
PvZ
Replay Pack
Multi
Spawn Locations
Cross Positions
Add a new tag
Caveats
  • Supply blocks, unpowered buildings, or Contaminate may cause inaccurate times.
  • Supply counts are checked every 10 seconds.